 Dungeon Crawl Stone Soup version 0.21-a0-286-g6fcecc0 (webtiles) character file.

397 KristoblXynda the Sneak (level 6, 0/39 HPs)
             Began as an Octopode Assassin on Sept 26, 2017.
             Killed by divine providence
             ... invoked by an orc priest
              (11 damage)
             ... on level 3 of the Dungeon.
             The game lasted 00:07:35 (2342 turns).

KristoblXynda the Sneak (Octopode Assassin)         Turns: 2342, Time: 00:07:36

Health: 0/39       AC:  1    Str: 11    XL:     6   Next: 83%
Magic:  6/6        EV: 20    Int: 14    God:
Gold:   89         SH:  0    Dex: 19    Spells: 5/5 levels left

rFire    . . .     SeeInvis .   a - +3 dagger
rCold    . . .     Gourm    .   (no shield)
rNeg     . . .     Faith    .   (helmet restricted)
rPois    .         Spirit   .   (no amulet)
rElec    .         Reflect  .   (no ring)
rCorr    .         Harm     .   (no ring)
MR       .....                  (no ring)
Stlth    ++++++....             (no ring)
HPRegen  0.13/turn              (no ring)
MPRegen  0.10/turn              (no ring)
                                (no ring)
                                (no ring)

@: agile
A: almost no armour, stealthy swim, amphibious, 8 rings, constrict 8, camouflage
1, gelatinous body 1
a: no special abilities


You were on level 3 of the Dungeon.
You were not hungry.

You visited 1 branch of the dungeon, and saw 3 of its levels.

You collected 89 gold pieces.

Inventory:

Hand Weapons
 a - a +3 dagger (weapon)
 b - a +0 blowgun
Missiles
 c - 15 poisoned needles
 d - 2 curare-tipped needles
Wands
 m - a wand of random effects (19/48)
Potions
 h - a potion of degeneration {unknown}
 j - a potion of curing
Comestibles
 f - 3 bread rations
 g - a royal jelly
 l - 3 fruits


   Skills:
 - Level 2.0 Fighting
 + Level 4.2 Short Blades
 + Level 2.9 Throwing
 - Level 3.2 Dodging
 + Level 7.8 Stealth


You had 5 spell levels left.
You didn't know any spells.

Dungeon Overview and Level Annotations

Branches:
Dungeon (3/15)

Altars:


Innate Abilities, Weirdness & Mutations

You cannot wear most types of armour.
You are very stealthy in the water. (Stealth+)
You are amphibious.
You can wear up to eight rings at the same time.
You can use your tentacles to constrict eight enemies at once.
Your skin changes colour to match your surroundings (Stealth+).
Your rubbery body absorbs attacks. (AC +1, EV +1)


Message History

The orc hits you with a flail.
You hit the orc.
You kill the orc!
You barely miss Natasha. You grab Natasha.
You constrict Natasha, but do no damage.
Natasha stares at you and mumbles some strange words.
You resist with some effort.
You barely miss Natasha. Your squeeze misses Natasha. You constrict Natasha.
Natasha claws you!
You hit Natasha. You squeeze Natasha!
You kill Natasha!
Natasha screams in pain as she dies!
It was a potion of agility.
You feel agile all of a sudden.
The orc wizard gestures at you while chanting.
The puff of frost hits you!
* * * LOW HITPOINT WARNING * * *
The orc priest calls down the wrath of Beogh upon you.
Beogh smites you!
You die...

#.### #.#.#..##.##. #...#
#............ ###.# #.#.#..##.###
#.#####......##.# **
#...^.....##.##.#
,*****#**############.#.......#
,**<,,...#..oo..o# #.#.##.#### #
,**,*#*#.#..h.##o# #......# #
,,,,,..#....#.##@# ##...### #
,**,**........##.# #...# #
,**,*###...#..##.# #...# #
,**,,......#oh##.# #...# ####
******###..)...(.# #...# #...
,,,,,,,*#.##..h.## #...#####.##
,,,,,,,*#.##....######........[##
,,,,,,,*#.......................#
,,,,,,.....#....(...............#


You could see an orc priest and an orc wizard.

Vanquished Creatures
  Sigmund (D:2)
  Ijyb (D:3)
  Natasha (twice) (D:3)
  An iguana (D:3)
  4 gnolls (D:2)
  5 adders
  An ooze (D:3)
  2 worms (D:2)
  3 dart slugs (D:2)
  A leopard gecko (D:2)
  4 orcs (D:3)
  3 giant cockroaches
  6 hobgoblins
  2 jackals (D:1)
  4 quokkas
  5 bats
  A frilled lizard (D:2)
  6 goblins
  6 kobolds
  6 rats
64 creatures vanquished.

Notes
Turn   | Place    | Note
-------+----------+-------------------------------------------
     0 | D:1      | KristoblXynda the Octopode Assassin began the quest for the Orb.
     0 | D:1      | Reached XP level 1. HP: 14/14 MP: 1/1
   154 | D:1      | Reached XP level 2. HP: 13/19 MP: 2/2
   551 | D:2      | Reached XP level 3. HP: 18/24 MP: 3/3
   586 | D:2      | Reached skill level 6 in Stealth
   721 | D:2      | Reached XP level 4. HP: 23/29 MP: 4/4
   796 | D:2      | Noticed Sigmund
   816 | D:2      | Killed Sigmund
   816 | D:2      | Reached skill level 7 in Stealth
   816 | D:2      | Reached XP level 5. HP: 18/34 MP: 5/5
  1317 | D:2      | Reached XP level 6. HP: 35/39 MP: 6/6
  1741 | D:3      | Noticed Natasha
  1749 | D:3      | Killed Natasha
  1889 | D:3      | Noticed Ijyb
  1898 | D:3      | Killed Ijyb
  2323 | D:3      | Noticed Natasha
  2341 | D:3      | Killed Natasha
  2342 | D:3      | Killed from afar by an orc priest

Vault maps used:
D:1:      saegor_arrival_simple_b, minivault_23, minmay_misc_feat_enclosed
D:2:      minmay_split_cup_small, uniq_sigmund
D:3:      first_bread, corexii_hall_statues_i, uniq_ijyb, uniq_natasha

Skill      XL: |  1  2  3  4  5  6 |
---------------+-------------------+-----
Dodging        | 2 3 |  3.2
Stealth        | 6 7 |  7.8
Short Blades   | 3 4 |  4.2
Fighting       | |  2.0
Throwing       | |  2.9

Action                   |  1- 3 |  4- 6 || total
-------------------------+-------+-------++-------
Melee: Dagger            |    53 |    78 ||   131
       Constrict         |    13 |    20 ||    33
       Tentacles         |    10 |    11 ||    21
 Fire: Blowgun           |       |    23 ||    23
  Use: Scroll            |       |     4 ||     4
       Potion            |       |     3 ||     3
 Stab: Sleeping          |     5 |     5 ||    10
  Eat: Chunk             |       |     4 ||     4
Armor: Skin              |     2 |    10 ||    12
Dodge: Dodged            |    26 |    64 ||    90

Table legend:
 A = Spawn XP
 B = Non-spawn XP
 C = Spawn XP percentage of total XP
 D = Spawn monster count
 E = Non-spawn monster count
 F = Spawn count percentage of total count
 G = Total turns spent on level
                    A         B        C        D         E        F      G
               +---------+---------+-------+---------+---------+-------+---------
         Total |       0 |     568 |   0.0 |       0 |      64 |   0.0 |  2342
               +---------+---------+-------+---------+---------+-------+---------
           D:1 |       0 |      20 |   0.0 |       0 |      13 |   0.0 |   511
           D:2 |       0 |     354 |   0.0 |       0 |      29 |   0.0 |  1204
           D:3 |       0 |     194 |   0.0 |       0 |      22 |   0.0 |   627
               +---------+---------+-------+---------+---------+-------+---------
